 Dungeon Crawl Stone Soup version 0.29.1-13-g9f3cf754e1 (webtiles) character file.

Game seed: 2881494013148649439

1 Thatpatchoflichen the Trooper (level 1, -1/24 HPs)
             Began as an Ogre Monk on Feb 7, 2023.
             Slain by a frilled lizard (2 damage)
             ... on level 1 of the Dungeon.
             The game lasted 00:00:26 (52 turns).

Thatpatchoflichen the Trooper (Ogre Monk)             Turns: 52, Time: 00:00:26

Health: -1/24      AC:  3    Str: 14    XL:     1   Next: 20%
Magic:  1/1        EV: 10    Int: 11    God:
Gold:   0          SH:  0    Dex: 11    Spells: 0/0 levels left

rFire   . . .      SeeInvis .   a - +0 mace
rCold   . . .      Faith    .   (no shield)
rNeg    . . .      Spirit   .   b - +0 robe
rPois   .          Reflect  .   (helmet restricted)
rElec   .          Harm     .   (no cloak)
rCorr   .          Rampage  .   (gloves unavailable)
Will    .....                   (boots unavailable)
Stlth   ++........              (no amulet)
HPRegen 0.08/turn               (no ring)
MPRegen 0.07/turn               (no ring)

@: no status effects
A: large, unfitting armour, tough skin 1
a: no special abilities


You were on level 1 of the Dungeon.
You visited 1 branch of the dungeon, and saw 1 of its levels.

Inventory:

Hand Weapons
 a - a +0 mace (weapon)
Armour
 b - a +0 robe (worn)
Jewellery
 e - a ring of protection from fire
Scrolls
 d - a scroll of enchant weapon {unknown}
Potions
 c - a potion of ambrosia


   Skills:
 + Level 4.0 Fighting
 * Level 2.7 Maces & Flails
 * Level 2.7 Dodging
 - Level 1.4 Stealth


You couldn't memorise any spells.
You didn't know any spells.
Your spell library was empty.

Dungeon Overview and Level Annotations

Branches:
Dungeon (1/15)

Altars:


Innate Abilities, Weirdness & Mutations

You are too large for most types of armour.
You have tough skin. (AC +1)


Message History

The rat is heavily wounded.
The rat barely misses you. The frilled lizard barely misses you.
The rat barely misses you. The frilled lizard closely misses you.
You hit the rat but do no damage.
The rat is heavily wounded.
The rat closely misses you.
The frilled lizard bites you but does no damage.
You barely miss the rat.
The rat is heavily wounded.
The rat bites you.
The frilled lizard bites you but does no damage.
You hit the rat.
You kill the rat!
The frilled lizard bites you. The goblin hits you but does no damage.
The frilled lizard bites you.
You closely miss the goblin. The frilled lizard bites you.
The goblin barely misses you.
You closely miss the goblin. The goblin hits you with a +0 club.
The frilled lizard barely misses you.
You closely miss the goblin. The frilled lizard barely misses you.
The goblin hits you with a +0 club.
You closely miss the goblin. The frilled lizard bites you.
The goblin hits you but does no damage.
You hit the goblin.
The goblin is moderately wounded.
The goblin hits you with a +0 club.
* * * LOW HITPOINT WARNING * * *
The frilled lizard barely misses you. The goblin closely misses you.
The frilled lizard bites you.
* * * LOW HITPOINT WARNING * * *
You hit the goblin but do no damage.
The goblin is moderately wounded.
The frilled lizard bites you.
* * * LOW HITPOINT WARNING * * *
The goblin hits you with a +0 club.
* * * LOW HITPOINT WARNING * * *
You closely miss the goblin.
The goblin is moderately wounded.
The frilled lizard bites you.
You die...

≈≈ ≈≈~~....#.....## ~
≈≈≈≈~~..........##
#####≈≈≈~~...........#
#...##≈≈~~...........#
.....#≈≈~~...........#
..<>.#≈≈≈~~..........#
.....#≈≈≈~~..........#
#...##≈≈~~........?:#
#####≈~~~....#..@..##
~~≈≈~~.~..#.####gl##
~~~~~~...##.# ......
.~~~...####.# .......#
.....#......#........#
.....^.######........#
######## #........#
##########


You could see a goblin and a frilled lizard.

Vanquished Creatures
  A ball python (D:1)
  A rat (D:1)
2 creatures vanquished.

Notes
Turn   | Place    | Note
-------+----------+-------------------------------------------
     0 | D:1      | Thatpatchoflichen the Ogre Monk began the quest for the
                  | Orb.
     0 | D:1      | Reached XP level 1. HP: 24/24 MP: 1/1
    51 | D:1      | HP: 1/24 [goblin/+0 club (4)]
    52 | D:1      | Slain by a frilled lizard

Illustrated notes

Levels and vault maps discovered:
D:1:      minmay_arrival_shoal_huts, layout_rooms

Action                   || total
-------------------------++-------
Melee: Mace              ||    14
Armor: Robe              ||     5
Dodge: Dodged            ||    12
